 Dungeon Crawl Stone Soup version 0.30-a0-1103-g25895a7845 (webtiles) character file.

Game seed: 3491137819350203701

4903 Sobieck the Spear-Bearer (level 10, -9/92 HPs)
             Began as an Armataur Gladiator on Apr 18, 2023.
             Was a Priest of Okawaru.
             Killed from afar by a steam dragon (18 damage)
             ... with a ball of steam
             ... on level 9 of the Dungeon.
             The game lasted 00:22:21 (9979 turns).

Sobieck the Spear-Bearer (Armataur Gladiator)       Turns: 9979, Time: 00:22:21

Health: -9/92      AC: 11    Str: 24    XL:     10   Next: 27%
Magic:  13/13      EV: 10    Int: 14    God:    Okawaru [***...]
Gold:   272        SH:  0    Dex: 12    Spells: 9/9 levels left

rFire   . . .      SeeInvis .    a - +5 trident (freeze) {polearm}
rCold   . . .      Faith    .    (no shield)
rNeg    . . .      Spirit   .    r - +3 leather armour
rPois   .          Reflect  .    c - +2 helmet
rElec   .          Roll     +    (no cloak)
rCorr   .                        (no gloves)
Will    .....                    (no barding)
Stlth   +                        b - amulet of the acrobat
HPRegen 0.35/turn                q - +6 ring of intelligence
MPRegen 0.13/turn                (no ring)

@: no status effects
A: large, rugged brown scales 3, deformed body, armoured tail, roll, long
tongue, awkward tongue
a: Renounce Religion, Heroism


You were on level 9 of the Dungeon.
You worshipped Okawaru.
Okawaru was most pleased with you.
You visited 2 branches of the dungeon, and saw 10 of its levels.

You collected 360 gold pieces.
You spent 88 gold pieces at shops.


Innate Abilities, Weirdness & Mutations

You are completely covered in rugged brown scales. (AC +3, +7% HP)
Armour fits poorly on your strangely shaped body.
You have a long armoured tail.
You roll when moving toward enemies. (Rampage)
Your long tongue fully drains potion bottles. (2x potion effects)
Your tongue gives you trouble enunciating. (1.5x scroll delay)


   Skills:
 - Level 7.0 Fighting
 * Level 9.7 Polearms
 - Level 1.7 Throwing
 - Level 7.0 Armour
 - Level 2.1 Dodging
 - Level 4.0 Invocations


You had 9 spell levels left.
You didn't know any spells.
Your spell library contained the following spells:

 Spells                   Type           Power      Damage    Failure   Level
 Necrotise                Necr           0%         1d4       32%         1
 Frozen Ramparts          Ice            0%         1d1       67%         3
 Vampiric Draining        Necr           0%         2d6       67%         3
 Ice Form                 Ice/Tmut       0%         N/A       97%         4
 Agony                    Necr           0%         N/A       100%        5
 Metabolic Englaciation   Hex/Ice        0%         N/A       100%        5
 Spellforged Servitor     Conj/Summ      Unusable   N/A       N/A         7

Inventory:

Hand Weapons
 a - a +5 trident of freezing (weapon) {polearm}
   (You took it off a wight on level 8 of the Dungeon)
 z - a +0 flail of venom {mace}
   (You took it off Edmund on level 4 of the Dungeon)
 L - a +2 dagger of flaming {short}
   (You took it off a kobold on level 6 of the Dungeon)
 Y - a +0 trident {polearm}
Missiles
 d - 4 throwing nets {=f!fthrowing}
 e - a javelin {throwing}
 j - 121 stones {throwing}
 F - 4 boomerangs of dispersal {=f!fthrowing}
 G - 4 boomerangs {throwing}
 M - 14 poisoned darts {throwing}
 N - a curare-tipped dart {=fthrowing}
Armour
 c - a +2 helmet (worn)
 r - a +3 leather armour (worn)
   (You found it on level 2 of the Dungeon)
 w - a +0 ring mail
   (You took it off an orc priest on level 3 of the Dungeon)
 A - a +0 leather armour
   (You took it off Edmund on level 4 of the Dungeon)
 C - a +0 ring mail
   (You found it on level 5 of the Dungeon)
 D - a +0 ring mail
   (You took it off an orc on level 4 of the Dungeon)
 J - a +0 leather armour
   (You took it off an orc on level 5 of the Dungeon)
 O - a +0 robe
   (You took it off an orc on level 6 of the Dungeon)
 T - a +0 chain mail
   (You found it on level 7 of the Dungeon)
 U - a +0 leather armour
   (You took it off an orc on level 8 of the Dungeon)
 X - a +0 robe
   (You took it off a wight on level 8 of the Dungeon)
 Z - a +0 robe
   (You took it off a wight on level 8 of the Dungeon)
Magical Staves
 S - a staff of cold {!astaff}
   (You found it on level 7 of the Dungeon)
Jewellery
 b - an amulet of the acrobat (around neck)
   (You found it on level 8 of the Dungeon)
 i - a ring of fire
   (You found it on level 7 of the Dungeon)
 q - a +6 ring of intelligence (left hand)
   (You found it on level 2 of the Dungeon)
Wands
 m - a wand of acid (4)
   (You found it on level 8 of the Dungeon)
 n - a wand of digging (4)
   (You found it on level 8 of the Dungeon)
 s - a wand of mindburst (9) (quivered)
   (You found it on level 3 of the Dungeon)
 H - a wand of flame (6)
   (You took it off a kobold on level 9 of the Dungeon)
 K - a wand of iceblast (21)
   (You found it on level 5 of the Dungeon)
 W - a wand of paralysis (8)
   (You found it on level 7 of the Dungeon)
Scrolls
 f - 3 scrolls of teleportation {@r4}
 g - a scroll of enchant armour
 l - a scroll of immolation {unknown}
 o - a scroll of poison {!r}
 t - 3 scrolls of blinking {!r}
 x - a scroll of noise {unknown}
 y - a scroll of fear
 E - a scroll of vulnerability {!r!r}
 P - 2 scrolls of fog
 R - a scroll of enchant weapon {unknown}
Potions
 h - 2 potions of invisibility
 k - a potion of ambrosia {unknown}
 p - a potion of flight
 u - a potion of haste {@q3}
 v - a potion of lignification {!q}
 B - a potion of magic {unknown}
 Q - a potion of attraction {unknown}
 V - 2 potions of heal wounds {unknown}

Dungeon Overview and Level Annotations

Branches:
Dungeon (9/15) Zot: 26047  Temple (1/1) D:7 Zot: 5976
   Lair: D:8-11         Orc: D:9-12

Altars:
Ashenzari
Cheibriados
Fedhas
Gozag
Hepliaklqana
Kikubaaqudgha
Makhleb
Nemelex Xobeh
Okawaru
Qazlal
Ru
Sif Muna
Trog
Uskayaw
Vehumet
Wu Jian
Xom
Yredelemnul
Zin
The Shining One

Shops:
D:4 :   D:9 [*

Annotations:
D:3 1 runed translucent door, Crazy Yiuf; Sigmund
D:4 2 transporters, soul19's ghost, novice GrFi
D:6 1 runed translucent door, NateTC's ghost, novice GrFi
D:7 2 runed translucent doors, sargonster's ghost, novice HOBe

#....########....#...#.........
#.......z........#.#.#.........
.................##.#.## ......
...........[.....#..#..# ......
#####...........##.###.##
...... #.........###..
#..###..... #......####...#
##...####..
#..#####§§§§###...###....###
#.. ....§)§@Dg..# ####.... #
####§§§.###...###....###
####...## ##...####.. ###..#
#..###..... ##.###.##.....>.
##### .....#..#..#........
#....#.....##.#.##........
#....#......#.#.#.........
#....#......#...#.......##


You could see a steam dragon (catching breath) and a gnoll sergeant.


Message History

Okawaru accepts your kill.
Items here: )) [[.
Unknown command.
You start resting.
Unknown command.
Unknown command.
A yak, a wyvern, a centaur and a steam dragon come into view.
The wyvern hisses angrily.
The centaur shouts!
The steam dragon hisses angrily.
The yak bellows!
A gnoll sergeant comes into view. It is wielding a +3 spear of flaming.
The steam dragon breathes steam at you. The ball of steam hits you!
The yak moves out of view.
The wyvern moves out of view.
The centaur moves out of view.
The steam dragon moves out of view.
The gnoll sergeant moves out of view.
You hear a shout!
Danger!
Unknown command.
You start resting.
A yak is nearby!
Danger!
You puncture the yak! You freeze the yak. You punch the yak.
Unknown command.
You hit the yak. You freeze the yak.
You kill the yak!
Okawaru accepts your kill.
Okawaru will now gift you throwing weapons as you gain piety.
Unknown command.
You start resting.
A centaur is nearby!
Danger!
The centaur wields a +0 shortbow.
The centaur shoots an arrow.
The arrow misses you.
Unknown command.
You roll towards the centaur!
You hit the centaur. You freeze the centaur. The wyvern barely misses you.
The centaur is engulfed in a cloud of scalding steam.
The centaur unwields a +0 shortbow.
The centaur barely misses you.
The centaur kicks you but does no damage.
The wyvern barely misses you.
Unknown command.
You impale the centaur!! You freeze the centaur.
You kill the centaur!
Okawaru accepts your kill. The wyvern bites you!
Unknown command.
You barely miss the wyvern. The wyvern barely misses you.
Unknown command.
You puncture the wyvern! You freeze the wyvern. The wyvern bites you!
You barely miss the wyvern. The wyvern bites you.
Unknown command.
You hit the wyvern. You freeze the wyvern. The wyvern bites you.
The wyvern bites you but does no damage.
You barely miss the wyvern. The wyvern bites you!
* * * LOW HITPOINT WARNING * * *
Unknown command.
You closely miss the wyvern. The wyvern closely misses you.
Unknown command.
You hit the wyvern. You freeze the wyvern.
The wyvern bites you but does no damage.
Unknown command.
You closely miss the wyvern. The wyvern misses you.
Unknown command.
You puncture the wyvern! You freeze the wyvern.
You kill the wyvern!
Okawaru accepts your kill.
Unknown command.
You barely miss the steam dragon.
Your tail-slap misses the steam dragon.
The steam dragon bites you!
* * * LOW HITPOINT WARNING * * *
The steam dragon claws you but does no damage.
Unknown command.
You hit the steam dragon but do no damage.
Your tail-slap misses the steam dragon.
The gnoll sergeant hits you from afar with a +3 spear of flaming.
* * * LOW HITPOINT WARNING * * *
The gnoll sergeant burns you.
* * * LOW HITPOINT WARNING * * *
The steam dragon breathes steam at you. The ball of steam hits you!
* * * LOW HITPOINT WARNING * * *
Unknown command.
You puncture the steam dragon! You freeze the steam dragon.
You tail-slap the steam dragon.
You are engulfed in a cloud of scalding steam.
The gnoll sergeant hits you from afar with a +3 spear of flaming.
* * * LOW HITPOINT WARNING * * *
The gnoll sergeant burns you.
* * * LOW HITPOINT WARNING * * *
The steam dragon completely misses you.
The steam dragon claws you but does no damage.
Unknown command.
You feel better.
You slurp down every last drop of the potion of curing {@q1}!
You are engulfed in a cloud of scalding steam.
* * * LOW HITPOINT WARNING * * *
The gnoll sergeant hits you from afar with a +3 spear of flaming!
* * * LOW HITPOINT WARNING * * *
The gnoll sergeant burns you.
* * * LOW HITPOINT WARNING * * *
The steam dragon breathes steam at you. The ball of steam hits you!!
You die...

Skill      XL: |  1  2  3  4  5  6  7  8  9 10 |
---------------+-------------------------------+-----
Fighting       | 2 3 4 5 6 7 |  7.0
Armour         | 1 2 3 4 5 6 7 |  7.0
Polearms       | 3 4 5 6 7 8 9 |  9.7
Invocations    | 1 4 |  4.0
Throwing       | |  1.7
Dodging        | |  2.1

Action                     |  1- 3 |  4- 6 |  7- 9 | 10-12 || total
---------------------------+-------+-------+-------+-------++-------
  Melee: Trident           |   104 |   147 |   436 |    74 ||   761
         Tailslap          |    10 |     7 |    50 |     6 ||    73
         Punch             |       |     3 |     4 |     1 ||     8
 Invoke: Heroism           |       |       |     1 |       ||     1
  Evoke: Wand              |       |    11 |     1 |       ||    12
    Use: Potion            |       |     1 |     5 |     1 ||     7
         Scroll            |       |       |    12 |       ||    12
   Stab: Sleeping          |     1 |     1 |     1 |       ||     3
         Invisible         |       |       |     2 |       ||     2
         Distracted        |       |       |       |     1 ||     1
 Armour: Leather armour    |    36 |    62 |   225 |    21 ||   344
  Dodge: Dodged            |    47 |    64 |   239 |    27 ||   377

Levels and vault maps discovered:
D:1:      dpeg_arrival_tiny_j, layout_basic,
          dreamdust_ecumenical_altar_hidden_monk_grotto
D:2:      layout_basic, basic_altar, serial_curves, eino_curves_02,
          eino_curves_02, minmay_pentomino_s4
D:3:      layout_loops_ring, nicolae_overflow_squiral, uniq_crazy_yiuf_cottage,
          uniq_sigmund
D:4:      layout_basic, gammafunk_ghost_stat_death, serial_shops, shop,
          st_stairs_6, uniq_edmund
D:5:      layout_cave_pools, kennysheep_small_spiral, kennysheep_windowed_goal
D:6:      hellmonk_ruined_rings, layout_basic, lemuel_crystal_altar,
          gammafunk_ghost_grave
D:7:      layout_loops_ring, lemuel_tele_altar, minmay_temple_entry_slanted,
          ebering_ghost_disaster_area
D:8:      layout_basic, serial_park_tiny_1, uniq_pikel
D:9:      minmay_general_purpose_star, layout_irregular_city,
          vehumet_altar_wand_db, elyvilon_altar_4, serial_shops, shop,
          nicolae_lakefront_shop, minmay_misc_feat_doors
Temple:   hellmonk_temple_two_chambers

Notes
Turn   | Place    | Note
-------+----------+-------------------------------------------
     0 | D:1      | Sobieck the Armataur Gladiator began the quest for the Orb.
     0 | D:1      | Reached XP level 1. HP: 18/18 MP: 1/1
   165 | D:1      | Reached skill level 2 in Fighting
   165 | D:1      | Reached XP level 2. HP: 25/25 MP: 2/2
   197 | D:1      | Reached skill level 1 in Armour
   373 | D:1      | Found a faded altar of an unknown god.
   730 | D:2      | Reached skill level 3 in Polearms
   730 | D:2      | Reached XP level 3. HP: 19/31 MP: 3/3
   894 | D:2      | Found an ancient bone altar of Kikubaaqudgha.
  1050 | D:2      | You add the spells Frozen Ramparts, Ice Form, Metabolic
                  | Englaciation and Spellforged Servitor to your library.
  1050 | D:2      | Got the Information on Nival Formation
  1143 | D:2      | Reached skill level 2 in Armour
  1143 | D:2      | Reached XP level 4. HP: 32/39 MP: 4/4
  1353 | D:3      | You fall into a shaft and drop 1 floor!
  1621 | D:3      | Reached XP level 5. HP: 13/44 MP: 5/5
  1770 | D:3      | Noticed Sigmund
  1960 | D:3      | Found a bloodstained altar of Trog.
  1961 | D:3      | Found a shimmering altar of Xom.
  2278 | D:4      | Noticed an ogre
  2289 | D:4      | Killed an ogre
  2290 | D:4      | Reached skill level 3 in Fighting
  2290 | D:4      | Reached skill level 4 in Polearms
  2290 | D:4      | Reached skill level 3 in Armour
  2332 | D:4      | Noticed Edmund
  2342 | D:4      | Killed Edmund
  2343 | D:4      | Reached XP level 6. HP: 19/54 MP: 6/6
  2347 | D:4      | HP: 13/54 [poisoned by Edmund]
  2551 | D:4      | Found a transporter.
  2554 | D:4      | Noticed soul19's ghost (novice GrFi)
  2601 | D:4      | Found a transporter.
  2774 | D:4      | Found Ulay's Book Emporium.
  2897 | D:4      | Reached skill level 4 in Armour
  2937 | D:4      | Reached skill level 5 in Polearms
  2937 | D:4      | Reached XP level 7. HP: 49/62 MP: 7/7
  3270 | D:5      | Entered Level 5 of the Dungeon
  3326 | D:5      | Reached skill level 4 in Fighting
  3869 | D:5      | Reached skill level 5 in Armour
  4224 | D:5      | Reached skill level 6 in Polearms
  4380 | D:5      | Reached XP level 8. HP: 62/71 MP: 8/8
  4485 | D:5      | You pick up a book of Necromancy and begin reading...
  4485 | D:5      | You add the spells Necrotise, Vampiric Draining and Agony
                  | to your library.
  5209 | D:6      | Found a glowing silver altar of Zin.
  5247 | D:6      | Reached skill level 5 in Fighting
  5428 | D:6      | Reached skill level 6 in Armour
  5620 | D:6      | Found a runed translucent door.
  5621 | D:6      | Noticed NateTC's ghost (novice GrFi)
  6034 | D:7      | Found a staircase to the Ecumenical Temple.
  6111 | D:7      | Reached skill level 7 in Polearms
  6126 | Temple   | Entered the Ecumenical Temple
  6143 | Temple   | Became a worshipper of Warmaster Okawaru
  6331 | D:7      | Reached skill level 1 in Invocations
  6408 | D:7      | Reached XP level 9. HP: 69/79 MP: 8/10
  6510 | D:8      | HP: 18/79 [poisoned by a killer bee]
  6526 | D:8      | HP: 18/80 [killer bee (5)]
  6535 | D:8      | HP: 17/80 [killer bee (6)]
  6540 | D:8      | HP: 11/80 [poisoned by a killer bee]
  7005 | D:8      | Reached skill level 7 in Armour
  7005 | D:8      | Reached skill level 2 in Invocations
  7008 | D:8      | Reached * piety under Okawaru
  7274 | D:7      | Found a sparkling altar of Nemelex Xobeh.
  7295 | D:7      | Reached skill level 6 in Fighting
  7482 | D:7      | Found a large runed translucent door.
  7482 | D:7      | Found a large runed translucent door.
  7483 | D:7      | Noticed sargonster's ghost (novice HOBe)
  7850 | D:8      | Reached skill level 8 in Polearms
  8135 | D:8      | Reached skill level 3 in Invocations
  8276 | D:8      | Noticed Pikel
  8295 | D:8      | Killed Pikel
  8295 | D:8      | Reached ** piety under Okawaru
  8348 | D:8      | Reached skill level 4 in Invocations
  8631 | D:3      | Found a runed translucent door.
  8632 | D:3      | Noticed Crazy Yiuf
  9313 | D:9      | Reached XP level 10. HP: 79/89 MP: 13/13
  9442 | D:9      | Found Jeephih's General Store.
  9450 | D:9      | Bought a scroll of fear for 44 gold pieces
  9450 | D:9      | Bought a scroll of fog for 44 gold pieces
  9482 | D:9      | Reached skill level 9 in Polearms
  9605 | D:9      | Reached skill level 7 in Fighting
  9671 | D:9      | Found a radiant altar of Vehumet.
  9839 | D:9      | Found Juattam's Armour Shoppe.
  9962 | D:9      | Reached *** piety under Okawaru
  9977 | D:9      | HP: 18/92 [steam dragon/ball of steam (14)]
  9979 | D:9      | Killed from afar by a steam dragon

Vanquished Creatures
  Pikel (D:8)
  A hornet (D:9)
  A wyvern (D:9)
  A wraith (D:9)
  A yak (D:9)
  2 steam dragons
  Edmund (D:4)
  A water moccasin (D:6)
  3 sky beasts
  An orc warrior (D:8)
  3 black bears
  2 ogres
  3 centaurs
  A lemure (D:8)
  2 kobold brigands (D:6)
  A bullfrog (D:8)
  A gnoll sergeant (D:8)
  5 scorpions
  6 wights
  11 killer bees
  A howler monkey (D:9)
  3 jellies
  A gnoll bouda (D:9)
  7 orc priests
  4 hounds
  A sleepcap (D:6)
  3 iguanas
  6 orc wizards
  7 gnolls
  5 adders
  2 shadow imps
  2 white imps (D:5)
  2 ufetubi (D:5)
  2 worms (D:2)
  4 dart slugs
  23 orcs
  7 ball pythons
  6 bats
  8 endoplasms
  A giant cockroach (D:2)
  7 goblins
  9 hobgoblins
  5 jackals
  18 kobolds
  6 quokkas
  3 frilled lizards
  3 rats (D:2)
194 creatures vanquished.

Vanquished Creatures (others)
  2 withered plants (D:6)
2 creatures vanquished.

Grand Total: 196 creatures vanquished

Table legend:
 A = Non-vault XP
 B = Vault XP
 C = Vault XP percentage of total XP
 D = Non-vault monster count
 E = Vault monster count
 F = Vault count percentage of total count
                 A         B        C        D         E       F
            +---------+---------+-------+---------+---------+-------
      Total |    5717 |    1288 |  18.4 |     181 |      12 |   6.2
            +---------+---------+-------+---------+---------+-------
        D:1 |      36 |       0 |   0.0 |      15 |       0 |   0.0
        D:2 |      69 |       3 |   4.2 |      24 |       2 |   7.7
        D:3 |     140 |       0 |   0.0 |      21 |       0 |   0.0
        D:4 |     464 |     170 |  26.8 |      23 |       3 |  11.5
        D:5 |     772 |      37 |   4.6 |      20 |       1 |   4.8
        D:6 |     619 |       0 |   0.0 |      24 |       0 |   0.0
        D:7 |    1120 |       0 |   0.0 |      11 |       0 |   0.0
        D:8 |    1414 |     643 |  31.3 |      25 |       2 |   7.4
        D:9 |    1083 |     435 |  28.7 |      18 |       4 |  18.2
            +---------+---------+-------+---------+---------+-------

Illustrated notes

Table legend:
 A = Kills in this place as a percentage of kills in the entire game.
 B = Kills by you in this place as a percentage of kills by you in the entire game.
 C = Kills by friends in this place as a percentage of kills by friends in the entire game.
 D = Other kills in this place as a percentage of other kills in the entire game.
 E = Experience gained in this place as a percentage of experience gained in the entire game.
 F = Experience gained in this place divided by the number of levels of this place that you have seen.
                   A       B       C       D       E      F
               +-------+-------+-------+-------+-------+----------------------
         Total | 100.0 | 100.0 |   N/A |   N/A | 100.0 | 700.5
       Dungeon | 100.0 | 100.0 |   N/A |   N/A | 100.0 | 778.3
               +-------+-------+-------+-------+-------+----------------------

Table legend: (Time is in decaauts)
 A = Elapsed time spent in this place.
 B = Non-inter-level travel time spent in this place.
 C = Inter-level travel time spent in this place.
 D = Time resting spent in this place.
 E = Time spent auto-exploring this place.
 F = Levels seen in this place.
 G = Mean time per level.
                   A        B        C        D        E       F      G
               +--------+--------+--------+--------+--------+-----+--------+
         Total |  10014 |   9417 |    597 |   2304 |   5262 |  10 | 1001.4 |
       Dungeon |   9990 |   9398 |    592 |   2304 |   5262 |   9 | 1110.0 |
        Temple |     23 |     18 |      5 |      0 |      0 |   1 |   23.0 |
               +--------+--------+--------+--------+--------+-----+--------+

Top non-repeatable levels by time:
     D:8: 1476 daAuts
     D:5: 1467 daAuts
     D:4: 1462 daAuts
     D:7: 1262 daAuts
     D:6: 1142 daAuts
     D:3: 1104 daAuts
     D:1: 719 daAuts
     D:9: 692 daAuts
     D:2: 662 daAuts
  Temple: 23 daAuts
